 Dungeon Crawl Stone Soup version 0.24-a0-335-g06ca16af6c (webtiles) character file.

Game seed: 497789551154189818

6627 HAL9000 the Slicer (level 11, -6/50 HPs)
             Began as a Vine Stalker Assassin on May 18, 2019.
             Was a Priest of Dithmenos.
             Mangled by a black mamba (11 damage)
             ... on level 1 of the Lair of Beasts.
             The game lasted 00:30:03 (8710 turns).

HAL9000 the Slicer (Vine Stalker Assassin)          Turns: 8710, Time: 00:30:04

Health: -6/50      AC:  7    Str: 17    XL:     11   Next: 2%
Magic:  0/25       EV: 11    Int: 14    God:    Dithmenos [***...]
Gold:   292        SH:  5    Dex: 17    Spells: 28/28 levels left

rFire    . . .     SeeInvis +   K - +4 short sword
rCold    . . .     Gourm    +   C - +0 buckler
rNeg     . . .     Faith    .   s - +0 leather armour
rPois    +         Spirit   +   w - +1 hat {SInv}
rElec    +         Reflect  .   v - +1 cloak {rPois}
rCorr    .         Harm     .   (no gloves)
MR       ++...                  B - +0 pair of boots of the Desolation of Salt {rElec rPois Str+2 Int+2}
Stlth    +++++.....             F - amulet of the gourmand
HPRegen  0.56/turn              h - ring of see invisible
MPRegen  0.19/turn              c - ring of protection from magic

@: lethally poisoned (-6 -> -16), wreathed by umbra
A: fangs 3, regeneration 1, magic shield, antimagic bite, no potion heal 3, rot
immunity
a: Shadow Step, Renounce Religion


You were on level 1 of the Lair of Beasts.
You worshipped Dithmenos.
Dithmenos was most pleased with you.
You were full.

You visited 2 branches of the dungeon, and saw 10 of its levels.
You also visited: Bailey.

You collected 370 gold pieces.
You spent 78 gold pieces at shops.

Inventory:

Hand Weapons
 a - a +2 dagger
 K - a +4 short sword (weapon)
Missiles
 d - 38 poisoned darts
 i - 14 atropa-tipped darts (quivered)
 D - 7 datura-tipped darts
 G - 52 boomerangs
Armour
 s - a +0 leather armour (worn)
 v - a +1 cloak of poison resistance (worn)
 w - a +1 hat of see invisible (worn)
 B - the +0 pair of boots of the Desolation of Salt (worn) {rElec rPois Str+2 Int+2}
   (You found it on level 9 of the Dungeon)

   It affects your strength (+2).
   It affects your intelligence (+2).
   It insulates you from electricity.
   It protects you from poison.
 C - a +0 buckler (worn)
Jewellery
 c - a ring of protection from magic (right hand)
 h - a ring of see invisible (left hand)
 F - an amulet of the gourmand (around neck)
Wands
 g - a wand of paralysis (15)
 t - a wand of digging (8)
 E - a wand of random effects (46)
Scrolls
 k - a scroll of fear {unknown}
 l - 3 scrolls of amnesia
 m - a scroll of blinking {unknown}
 o - a scroll of enchant weapon {unknown}
 p - 2 scrolls of fog {unknown}
 r - 2 scrolls of teleportation
 u - 4 scrolls of remove curse
 y - a scroll of identify
 z - a scroll of immolation {unknown}
 H - a scroll of holy word {unknown}
 I - a scroll of noise {unknown}
 L - a scroll of summoning {unknown}
 M - a scroll of vulnerability {unknown}
Potions
 b - a potion of brilliance
 e - 4 potions of flight
 j - 8 potions of curing
 n - 4 potions of haste
 q - a potion of magic
 x - 2 potions of lignification
 A - 2 potions of might
 J - a potion of invisibility
Comestibles
 f - 13 rations


   Skills:
 - Level 1.7 Fighting
 - Level 10.0 Short Blades
 + Level 5.1 Throwing
 - Level 0.7 Dodging
 + Level 7.8 Stealth
 - Level 4.1 Shields
 - Level 9.1 Spellcasting


You had 28 spell levels left.
You didn't know any spells.
Your spell library contained the following spells:

 Spells                   Type           Power        Failure   Level  Hunger
 Freeze                   Ice            #...         14%         1    None
 Magic Dart               Conj           #...         14%         1    None
 Searing Ray              Conj           #.....       22%         2    None
 Throw Frost              Conj/Ice       #.....       22%         2    None
 Dazzling Spray           Conj/Hex       #.....       38%         3    ##.....
 Ozocubu's Armour         Chrm/Ice       #.......     38%         3    ##.....
 Force Lance              Conj/Tloc      #.......     80%         4    ####...
 Fulminant Prism          Conj/Hex       #.........   80%         4    ####...
 Iskenderun's Mystic Bla  Conj           #.......     80%         4    ####...
 Summon Ice Beast         Ice/Summ       #.......     80%         4    ####...
 Throw Icicle             Conj/Ice       #.......     80%         4    ####...


Dungeon Overview and Level Annotations

Branches:
Dungeon (9/15)             Temple (0/1) D:4            Lair (1/6) D:9
    Orc: D:9-12

Altars:
Cheibriados
Dithmenos
Elyvilon
Fedhas
Gozag
Kikubaaqudgha
Nemelex Xobeh
Okawaru
Ru
Sif Muna
Trog
Uskayaw
Zin
The Shining One

Shops:
D:4 (   D:5 ?


Innate Abilities, Weirdness & Mutations

You have razor-sharp teeth.
Your natural rate of healing is unusually fast.
When hurt, damage is shared between your health and your magic reserves.
Your bite disrupts and absorbs the magic of your enemies.
Potions cannot restore your health.
You are immune to rotting.


Message History

You bite the black mamba, but do no damage.
The black mamba is moderately wounded.
The black mamba barely misses you. The black mamba bites you!!
* * * LOW HITPOINT WARNING * * *
You hit the black mamba but do no damage.
The black mamba is moderately wounded.
You feel sick.
The black mamba bites you but does no damage.
You hit the black mamba. Your bite misses the black mamba.
The black mamba is heavily wounded.
You feel sick. The black mamba bites you!
* * * LOW HITPOINT WARNING * * *
You are lethally poisoned!
The black mamba poisons you!
Unknown command.
You hit the black mamba but do no damage.
The black mamba is heavily wounded.
* * * LOW HITPOINT WARNING * * *
You feel sick. The black mamba bites you!
You die...

####.>.###.. ... #...........
...### ##....⌠....##
............ ##....####...#
............# ##....#........
............. ##...######.#...
........P....##....###...##...
....)..###..................
#......#.#@⌠.....⌠..>..⌠...
#.....##S+................
#..S..#.#.#...###........
###rS...###...# #...##...
#......###.....#### ...
###....## ..... ..# ###...#
##... # #...## .. . #..#..##
... ##.


You could see a black mamba.

Vanquished Creatures
  Gastronok (D:9)
  Sigmund (D:5)
  A water moccasin (Lair:1)
  A black bear (D:8)
  6 sky beasts
  4 orc warriors
  3 ice beasts
  8 ogres
  A necrophage (D:8)
  2 centaurs (D:6)
  A big kobold (D:8)
  2 bullfrogs
  A scorpion (D:4)
  4 killer bees
  7 wights
  3 howler monkeys
  A crimson imp (D:7)
  5 hounds
  2 jellies
  7 orc priests
  A gnoll shaman (D:7)
  2 centaur skeletons
  2 bullfrog skeletons (D:6)
  2 iguanas (D:6)
  5 orc wizards
  4 worker ants
  A hound skeleton (D:5)
  14 gnolls
  9 adders
  4 shadow imps
  An ooze (D:2)
  An adder skeleton (D:9)
  A worm (D:3)
  2 dart slugs
  5 leopard geckos
  37 orcs
  3 ball pythons
  7 giant cockroaches
  12 goblins
  7 hobgoblins
  3 jackals (D:6)
  4 quokkas
  8 bats
  4 frilled lizards
  A jackal skeleton (D:7)
  19 kobolds
  A leopard gecko skeleton (D:7)
  10 rats
231 creatures vanquished.

Vanquished Creatures (collateral kills)
  An orc knight (Bailey)
  A kobold (Bailey)
2 creatures vanquished.

Grand Total: 233 creatures vanquished

Notes
Turn   | Place    | Note
-------+----------+-------------------------------------------
     0 | D:1      | HAL9000 the Vine Stalker Assassin began the quest for the
                  | Orb.
     0 | D:1      | Reached XP level 1. HP: 11/11 MP: 2/2
    47 | D:1      | Reached skill level 2 in Short Blades
   309 | D:1      | Reached XP level 2. HP: 11/15 MP: 3/3
   560 | D:1      | Reached skill level 3 in Short Blades
   632 | D:1      | Reached XP level 3. HP: 18/18 MP: 4/4
  1571 | D:2      | Found a white marble altar of Elyvilon.
  1578 | D:2      | Found a sacrificial altar of Ru.
  1588 | D:2      | Found an ancient bone altar of Kikubaaqudgha.
  1595 | D:2      | Found a blossoming altar of Fedhas.
  1607 | D:2      | Found a deep blue altar of Sif Muna.
  1612 | D:2      | Found a bloodstained altar of Trog.
  1623 | D:2      | Found a sparkling altar of Nemelex Xobeh.
  1898 | D:2      | Found a glowing golden altar of the Shining One.
  2147 | D:2      | Gained mutation: Your natural rate of healing is unusually
                  | fast. [Vine Stalker growth]
  2147 | D:2      | Reached XP level 4. HP: 13/23 MP: 1/5
  2268 | D:3      | Reached skill level 4 in Short Blades
  2597 | D:2      | Reached XP level 5. HP: 23/26 MP: 4/6
  2656 | D:3      | Reached skill level 5 in Short Blades
  2947 | D:3      | Found a shadowy altar of Dithmenos.
  2968 | D:3      | Became a worshipper of Dithmenos the Shadowed
  3137 | D:4      | Found Beczuep's Weapon Boutique.
  3139 | D:4      | Noticed an ogre
  3146 | D:4      | Killed an ogre
  3146 | D:4      | Reached skill level 6 in Short Blades
  3146 | D:4      | Reached XP level 6. HP: 13/30 MP: 2/7
  3179 | D:4      | Bought 8 atropa-tipped darts for 48 gold pieces
  3433 | D:4      | Found a staircase to the Ecumenical Temple.
  3478 | D:4      | Reached XP level 7. HP: 34/34 MP: 8/8
  3566 | D:3      | Reached skill level 7 in Short Blades
  3868 | D:5      | Entered Level 5 of the Dungeon
  4012 | D:5      | Reached skill level 8 in Short Blades
  4053 | D:5      | Found Venipo's Magic Scroll Emporium.
  4061 | D:5      | Bought a scroll of teleportation for 30 gold pieces
  4138 | D:5      | Noticed Sigmund
  4328 | D:5      | Found a hide-covered altar of Uskayaw.
  4373 | D:5      | Killed Sigmund
  4373 | D:5      | Gained mutation: You have razor-sharp teeth. [Vine Stalker
                  | growth]
  4373 | D:5      | Reached XP level 8. HP: 38/38 MP: 9/9
  4518 | D:5      | Reached * piety under Dithmenos
  4595 | D:6      | Found a snail-covered altar of Cheibriados.
  4651 | D:6      | Reached skill level 9 in Short Blades
  5065 | D:6      | Reached skill level 10 in Short Blades
  5181 | D:6      | Reached skill level 1 in Shields
  5253 | D:7      | Reached XP level 9. HP: 42/42 MP: 10/10
  5386 | D:7      | Reached ** piety under Dithmenos
  5465 | D:7      | Reached skill level 1 in Spellcasting
  6027 | D:7      | Found an iron altar of Okawaru.
  6245 | D:7      | Reached skill level 5 in Spellcasting
  6706 | D:8      | Reached XP level 10. HP: 46/46 MP: 21/21
  6891 | D:8      | Reached *** piety under Dithmenos
  7070 | D:8      | Found a glowing silver altar of Zin.
  7070 | D:8      | Found an opulent altar of Gozag.
  7229 | D:9      | Found a flagged portal.
  7259 | Bailey   | Entered a bailey
  7409 | Bailey   | Identified the +1 robe of Midwinter {rElec rC- rN+ Stlth+}
  7412 | Bailey   | Noticed an orc knight
  7485 | Bailey   | Killed an orc knight
  8008 | D:9      | Noticed Gastronok
  8032 | D:9      | Killed Gastronok
  8082 | D:9      | Got a pair of pitted boots
  8088 | D:9      | Identified the +0 pair of boots of the Desolation of Salt
                  | {rElec rPois Str+2 Int+2} (You found it on level 9 of the
                  | Dungeon)
  8122 | D:9      | Reached skill level 5 in Throwing
  8156 | D:9      | Found a staircase to the Lair.
  8462 | D:9      | Reached XP level 11. HP: 50/50 MP: 25/25
  8479 | Lair:1   | Entered Level 1 of the Lair of Beasts
  8710 | Lair:1   | Mangled by a black mamba

Levels and vault maps discovered:
D:1:      zelgadis_glass_arrival_small, layout_basic
D:2:      layout_loops_cross, grunt_temple_overflow_octagram, first_ration,
          nicolae_tso_swordbearing_angel
D:3:      layout_loops_ring, nicolae_dithmenos_through_a_glass_darkly
D:4:      layout_gridville, minmay_temple_entry_overgrown, serial_shops, shop
D:5:      layout_basic, nicolae_overflow_crystal_walls, serial_shops, shop,
          uniq_sigmund
D:6:      layout_rooms, basic_altar, minmay_diced_spiral
D:7:      layout_loops_ring, kennysheep_little_box
D:8:      layout_basic, grunt_temple_overflow_gold_and_silver
D:9:      layout_cave_pools, lemuel_coloured_pillars_altar, lair_entry_dummy,
          special_room [special_room_bee], enter_bailey_7, serial_shops,
          nicolae_shop_behind_doors, grunt_pizzeria, uniq_gastronok
Lair:1:   layout_cave_pods, chequers_serial_rivers_micro_e,
          infiniplex_staircase_pool_2, grunt_megastairs_5

Skill      XL: |  1  2  3  4  5  6  7  8  9 10 |
---------------+-------------------------------+-----
Short Blades   | 2 3 4 6 8 10 | 10.0
Shields        | 2 4 |  4.1
Spellcasting   | 7 9 |  9.1
Throwing       | 5 |  5.1
Stealth        | 7 |  7.8
Fighting       | |  1.7
Dodging        | |  0.7

Action                   |  1- 3 |  4- 6 |  7- 9 | 10-12 || total
-------------------------+-------+-------+-------+-------++-------
Melee: Dagger            |   103 |   163 |   542 |    47 ||   855
       Bite              |    22 |    46 |   203 |    73 ||   344
       Short sword       |       |       |       |   176 ||   176
Throw: Dart              |       |     3 |    17 |    50 ||    70
  Use: Potion            |       |     1 |       |     1 ||     2
       Scroll            |       |       |       |    16 ||    16
 Stab: Sleeping          |    12 |     3 |    11 |     5 ||    31
       Invisible         |       |       |     3 |     2 ||     5
  Eat: Chunk             |     4 |     4 |    18 |     7 ||    33
Armor: Robe              |    19 |       |       |       ||    19
       Leather armour    |       |    29 |    65 |    46 ||   140
Dodge: Dodged            |    57 |    74 |   176 |    81 ||   388
Block: Buckler           |       |       |    46 |    57 ||   103

Table legend:
 A = Non-vault XP
 B = Vault XP
 C = Vault XP percentage of total XP
 D = Non-vault monster count
 E = Vault monster count
 F = Vault count percentage of total count
                 A         B        C        D         E       F
            +---------+---------+-------+---------+---------+-------
      Total |    5750 |    3718 |  39.3 |     196 |      37 |  15.9
            +---------+---------+-------+---------+---------+-------
        D:1 |      49 |       0 |   0.0 |      27 |       0 |   0.0
        D:2 |      83 |       0 |   0.0 |      22 |       0 |   0.0
        D:3 |     221 |       0 |   0.0 |      27 |       0 |   0.0
        D:4 |     570 |       0 |   0.0 |      21 |       0 |   0.0
        D:5 |     373 |     227 |  37.8 |      15 |       1 |   6.2
        D:6 |     792 |      54 |   6.4 |      17 |       3 |  15.0
        D:7 |    1467 |       0 |   0.0 |      33 |       0 |   0.0
        D:8 |    1536 |       0 |   0.0 |      20 |       0 |   0.0
        D:9 |     571 |    2291 |  80.0 |      13 |       5 |  27.8
     Lair:1 |      88 |     140 |  61.4 |       1 |       1 |  50.0
     Bailey |       0 |    1006 | 100.0 |       0 |      27 | 100.0
            +---------+---------+-------+---------+---------+-------
